 Dungeon Sprint DCSS version 0.22.1-1-ga44c0e56f4 (webtiles) character file.

2499 MuseOD the Unseen (level 9, -8/51 HPs)
             Began as a Spriggan Enchanter on Sept 26, 2018.
             Was a Priest of Dithmenos.
             Shot with a bolt by a yaktaur (23 damage)
             ... in the Dungeon (Sprint II: "The Violet Keep of Menkaure").
             The game lasted 00:02:37 (473 turns).

MuseOD the Unseen (Spriggan Enchanter)               Turns: 473, Time: 00:02:37

Health: -8/51      AC:  2    Str:  4    XL:     9   Next: 28%
Magic:  9/19       EV: 18    Int: 20    God:    Dithmenos [***...]
Gold:   405        SH:  0    Dex: 16    Spells: 12/21 levels left

rFire    . . .     SeeInvis +   a - +1 dagger
rCold    . . .     Gourm    .   (shield restricted)
rNeg     . . .     Faith    .   b - +0 robe
rPois    .         Spirit   .   (helmet restricted)
rElec    .         Reflect  .   (no cloak)
rCorr    .         Harm     .   (gloves unavailable)
MR       +....     NoTele   +   (boots unavailable)
Stlth    +++++++++.             (no amulet)
HPRegen  0.17/turn              (no ring)
MPRegen  0.16/turn              (no ring)

@: wreathed by umbra, very quick
A: very small, unfitting armour, see invisible, herbivore, speed 3, slow
metabolism 2
a: Shadow Step, Renounce Religion


You were in the Dungeon.
You worshipped Dithmenos.
Dithmenos was most pleased with you.
You were not hungry.

You visited 1 branch You collected 405 gold pieces.

Inventory:

Hand Weapons
 a - a +1 dagger (weapon)
Armour
 b - a +0 robe (worn)
Scrolls
 j - a scroll of blinking
Potions
 f - a potion of heal wounds
 g - a potion of haste
 h - a potion of magic
Comestibles
 d - a ration


   Skills:
 - Level 8.2 Fighting
 - Level 14.5 Short Blades
 - Level 3.0 Dodging
 + Level 16.4 Stealth
 + Level 6.6 Spellcasting
 + Level 7.0 Hexes


You had 12 spell levels left.
You knew the following spells:

 Your Spells              Type           Power        Failure   Level  Hunger
a - Corona                Hex            ####...      1%          1    None
b - Ensorcelled Hibernat  Hex/Ice        ###...       3%          2    None
c - Confuse               Hex            ####....     1%          3    #......
d - Dazzling Spray        Conj/Hex       ###...       7%          3    #......

Your spell library contained the following spells:

 Spells                   Type           Power        Failure   Level  Hunger
 Tukima's Dance           Hex            ####....     1%          3    #......


Dungeon Overview and Level Annotations

Branches:
Dungeon (1/1)

Altars:
Cheibriados
Dithmenos
Elyvilon
Fedhas
Gozag
Hepliaklqana
Kikubaaqudgha
Makhleb
Nemelex Xobeh
Okawaru
Qazlal
Ru
Sif Muna
Trog
Uskayaw
Vehumet
Wu Jian
Xom
Yredelemnul
Zin
The Shining One
Beogh
Jiyva
Lugonu

Annotations:
D exclusion: obsidian statue


Innate Abilities, Weirdness & Mutations

You are very small and have problems with some larger weapons.
You are too small for most types of armour.
You have supernaturally acute eyesight. (SInv)
You are a herbivore.
You cover ground extremely quickly.
You need to consume almost no food.


Message History

Aim: a death drake (hasn't noticed you, umbra, chance to defeat MR: 42%)
Okay, then.
Casting: Confuse (safe; 2% risk of failure)
Confirm with . or Enter, or press ? or * to list all spells.
Aiming: Confuse (safe; 2% risk of failure)
Press: ? - help, Shift-Dir - straight line, f - polar bear
Aim: a polar bear (lightly wounded, umbra, chance to defeat MR: 60%)
The polar bear appears confused.
The polar bear bites you! The polar bear claws you.
* * * LOW HITPOINT WARNING * * *
The polar bear misses you.
A spear hits the swamp drake!
You catch the helpless polar bear completely off-guard!
You spit the polar bear like a pig!!!
You kill the polar bear!
Dithmenos accepts your kill.
You sometimes bleed smoke when heavily injured by enemies.
Your Spellcasting skill increases to level 6!
Your Hexes skill increases to level 7!
The yaktaur shoots a bolt.
The bolt hits you!!
You die... .....#.)'....# k# '##..#..####.# 8# #.##.####..'.##.# #.†#....#.†#..k#### .#####..#####..##$# "($ '# .##..#.$+..#..# )??(

†##.w$#..#(h#..#.c#▓?[$)$
<.+# +..####kk##†#▓?(??[
.##.w.#....###..@##▓▓▓▓▓▓
+# .##......≈≈≈≈≈≈≈≈≈≈≈≈
#§≈...§.≈#'########+
#≈≈§≈§≈≈..≈#....._._#§
#≈≈§≈≈≈≈≈.≈#...._._.#≈
#≈≈≈≈≈≈≈≈≈≈≈#..._._._#§
≈≈≈≈≈≈§§§≈≈≈≈#.._._._.#≈
+++#≈≈≈§§≈§≈§#._._._._#≈
##≈§§###≈≈#_._._._.#≈


You could see a death drake, a yaktaur and a swamp drake (confused).

Vanquished Creatures
  2 unseen horrors (D)
  4 polar bears (D)
  A hornet (D)
  3 black bears (D)
  2 crocodiles (D)
  4 worker ants (D)
16 creatures vanquished.

Vanquished Creatures (others)
  Menkaure (D)
1 creature vanquished.

Grand Total: 17 creatures vanquished

Notes
Turn   | Place    | Note
-------+----------+-------------------------------------------
     0 | D        | MuseOD the Spriggan Enchanter began the quest for the Orb.
     0 | D        | Reached XP level 1. HP: 9/9 MP: 5/5
     1 | D        | Noticed a tyrant leech
     1 | D        | Noticed a tyrant leech
     4 | D        | Noticed a worker ant
     4 | D        | Noticed a worker ant
     6 | D        | Noticed a worker ant
     6 | D        | Noticed a worker ant
    11 | D        | Killed a worker ant
    11 | D        | Reached skill level 6 in Stealth
    11 | D        | Reached XP level 2. HP: 10/15 MP: 6/6
    14 | D        | Reached skill level 5 in Short Blades
    14 | D        | Reached skill level 7 in Stealth
    14 | D        | Reached XP level 3. HP: 12/19 MP: 8/8
    26 | D        | Learned a level 2 spell: Ensorcelled Hibernation
    27 | D        | Killed Menkaure
    30 | D        | Learned a level 3 spell: Confuse
    63 | D        | Reached XP level 4. HP: 24/24 MP: 6/9
    66 | D        | Reached skill level 8 in Stealth
    71 | D        | Noticed an obsidian statue
    73 | D        | Noticed a crocodile
    73 | D        | Noticed a crocodile
    83 | D        | Killed a crocodile
    83 | D        | Reached skill level 9 in Stealth
    83 | D        | Reached XP level 5. HP: 15/29 MP: 3/10
    90 | D        | Killed a crocodile
    99 | D        | Found a snail-covered altar of Cheibriados.
   100 | D        | Found a shadowy altar of Dithmenos.
   101 | D        | Found a white marble altar of Elyvilon.
   101 | D        | Found an ancient bone altar of Kikubaaqudgha.
   101 | D        | Found a roughly hewn altar of Beogh.
   101 | D        | Found a viscous altar of Jiyva.
   102 | D        | Found a blossoming altar of Fedhas.
   102 | D        | Found a corrupted altar of Lugonu.
   102 | D        | Found a deep blue altar of Sif Muna.
   103 | D        | Found an opulent altar of Gozag.
   103 | D        | Found a burning altar of Makhleb.
   103 | D        | Found a bloodstained altar of Trog.
   104 | D        | Found a sparkling altar of Nemelex Xobeh.
   104 | D        | Found a hide-covered altar of Uskayaw.
   105 | D        | Found a basalt altar of Yredelemnul.
   106 | D        | Found an iron altar of Okawaru.
   106 | D        | Found a radiant altar of Vehumet.
   106 | D        | Found a glowing silver altar of Zin.
   106 | D        | Found a hazy altar of Hepliaklqana.
   106 | D        | Found a sacrificial altar of Ru.
   106 | D        | Found a shimmering altar of Xom.
   107 | D        | Found a stormy altar of Qazlal.
   107 | D        | Found an ornate altar of the Wu Jian Council.
   107 | D        | Found a glowing golden altar of the Shining One.
   111 | D        | Became a worshipper of Dithmenos the Shadowed
   120 | D        | Noticed a polar bear
   121 | D        | Noticed a polar bear
   122 | D        | Killed a polar bear
   122 | D        | Reached skill level 5 in Fighting
   122 | D        | Reached skill level 10 in Short Blades
   122 | D        | Reached skill level 11 in Stealth
   122 | D        | Reached XP level 6. HP: 23/36 MP: 2/11
   390 | D        | Reached skill level 12 in Stealth
   391 | D        | Reached * piety under Dithmenos
   391 | D        | Reached XP level 7. HP: 41/41 MP: 12/12
   402 | D        | Noticed a deep elf master archer
   405 | D        | Noticed an unseen horror
   405 | D        | Noticed an unseen horror
   407 | D        | Killed an unseen horror
   407 | D        | Reached skill level 14 in Stealth
   407 | D        | Reached XP level 8. HP: 44/46 MP: 9/13
   409 | D        | Killed an unseen horror
   409 | D        | Reached ** piety under Dithmenos
   409 | D        | Reached skill level 15 in Stealth
   416 | D        | Learned a level 3 spell: Dazzling Spray
   445 | D        | Noticed a death drake
   447 | D        | Noticed a crystal guardian
   448 | D        | Noticed a death drake
   450 | D        | Noticed a yaktaur
   450 | D        | Noticed a hornet
   450 | D        | Noticed a polar bear
   451 | D        | Noticed a polar bear
   451 | D        | Noticed a polar bear
   464 | D        | Killed a polar bear
   466 | D        | Killed a polar bear
   466 | D        | Reached skill level 5 in Spellcasting
   466 | D        | Reached skill level 5 in Hexes
   466 | D        | Reached XP level 9. HP: 49/51 MP: 3/17
   469 | D        | Paralysed by a hornet for 1 turns
   471 | D        | Reached skill level 16 in Stealth
   473 | D        | Killed a polar bear
   473 | D        | Reached *** piety under Dithmenos
   473 | D        | Shot with a bolt by a yaktaur

Skill      XL: |  1  2  3  4  5  6  7  8  9 |
---------------+----------------------------+-----
Fighting       | 2 3 4 5 6 7 8 |  8.2
Short Blades   | 4 5 6 8 10 11 13 14 | 14.5
Stealth        | 6 7 9 11 12 14 15 16 | 16.4
Spellcasting   | 5 6 |  6.6
Hexes          | 5 7 |  7.0
Dodging        | |  3.0

Action                   |  1- 3 |  4- 6 |  7- 9 || total
-------------------------+-------+-------+-------++-------
Melee: Dagger            |     6 |     7 |    16 ||    29
 Cast: Ensorcelled Hiber |     1 |     4 |     3 ||     8
       Confuse           |       |     1 |     7 ||     8
  Use: Potion            |     2 |       |     1 ||     3
 Stab: Sleeping          |     2 |     6 |     3 ||    11
       Confused          |       |       |     4 ||     4
Armor: Robe              |       |       |     1 ||     1
Dodge: Dodged            |     4 |     7 |    14 ||    25
